[Event "*** Titled Tuesday Blitz"]
[Site "Chess.com"]
[Date "2020.12.29"]
[Round "7"]
[White "gmcorrales"]
[Black "exoticprincess"]
[Result "0-1"]
[WhiteElo "2777"]
[BlackElo "2901"]
[TimeControl "180+1"]
[EndTime "11:16:17 PST"]
[Termination "exoticprincess won on time"]

1. e4 c6 2. d4 d5 3. e5 Bf5 4.
Nf3 e6 5. Be2 h6 6. O-O Ne7 7.
Nbd2 Bh7 8. a4 Ng6 9. Nb3 Nd7 10. a5 Be7 11. Bd3 O-O 12. Re1 b6 13. c4 Re8 14. g3 Ngf8 15. cxd5 cxd5 16. Bxh7+ Nxh7 17. h4 Nhf8 18. a6 Rc8 19. Bd2 Rc6 20. Qe2 Qa8 21. Bc3 Rec8 22. Nc1 R8c7 23. Kg2 Qc8 24. Nh2 Nb8 25. Nd3 Nxa6 26. Nf4 Nb4 27. Nh5 Ng6 28. Ng4 a5 29. Qd2 Qf8 30. Re3 Rc4 31. Rf1 Na2 32.
f4 Nxc3 33. bxc3 Bb4 34. Rff3 Bxc3 35. Rxc3 Qb4 36. f5 Rxc3 37. Nxh6+ Kf8 38. fxg6 Rxf3 39. Qg5 Rf2+ 40. Kh3 Qe7 41. Nf6 Rxf6 42. exf6 Qxf6 43. Qg4 gxh6 44. g7+ Qxg7 45. Qf4 f6 46. Qd6+ Qe7 47.
Qxb6 a4 48. Qa5 a3 0-1

[Event "*** Titled Tuesday Blitz"]
[Site "Chess.com"]
[Date "2020.12.29"]
[Round "7"]
[White "J36225"]
[Black "MillyNeuf"]
[Result "1-0"]
[WhiteElo "2477"]
[BlackElo "2329"]
[TimeControl "180+1"]
[EndTime "11:16:17 PST"]
[Termination "J36225 won by checkmate"]

1. e4 c5 2. Nf3 d6 3. Bb5+ Bd7 4. Bxd7+ Qxd7 5. c4 Nc6 6. O-O g6 7. d4 cxd4 8. Nxd4 Bg7 9. Be3 Nf6 10. Nc3 O-O 11.
f3 a6 12. Qd2 Rfc8 13. b3 Nxd4 14. Bxd4 Ne8 15. Bxg7 Nxg7 16. Nd5 Ne8 17. Nb6 Qc6 18.
Nxa8 Rxa8 19. Qd5 Nf6 20. Qxc6 bxc6 21. Rfe1 Nd7 22. Rad1 a5 23. f4 a4 24. e5 axb3 25.
axb3 Ra3 26. exd6 exd6 27. Rxd6 Nf8 28. Rxc6 Rxb3 29. Rc8 Kg7 30. c5 Ne6 31. c6 Rc3 32. h3 h5 33. c7 Rxc7 34. Rxc7 Nxc7 35. g3 Nd5 36. Kf2 h4 37. Rd1 hxg3+ 38. Kxg3 Ne3 39. Rd3 Nf5+ 40. Kg4 Nh6+ 41. Kg5 f6+ 42. Kh4 Nf5+ 43. Kg4 Nh6+ 44. Kf3 g5 45. fxg5 fxg5 46. Rd6 Nf7 47.
Ra6 Nh6 48. Ke4 Kh7 49. Ke5 Kg7 50. Rb6 Kh7 51. Kf6 g4 52. Rb7+ Kh8 53. Kg6 gxh3 54. Rh7+ Kg8 55. Rxh6 h2 56. Rxh2 Kf8 57. Re2 Kg8 58.
Re8# 1-0

[Event "*** Titled Tuesday Blitz"]
[Site "Chess.com"]
[Date "2020.12.29"]
[Round "7"]
[White "juli2512"]
[Black "rududuyk"]
[Result "1-0"]
[WhiteElo "2115"]
[BlackElo "2253"]
[TimeControl "180+1"]
[EndTime "11:16:18 PST"]
[Termination "juli2512 won by resignation"]

1. e4 e6 2. d4 d5 3. Nd2 Nf6 4. e5 Nfd7 5. Bd3 c5 6. c3 Nc6 7. Ne2 cxd4 8. cxd4 f6 9. exf6 Nxf6 10. Nf3 Bd6 11. O-O Qc7 12. Bg5 O-O 13. Bh4 Nh5 14.
Ng3 Nf4 15. Bb1 Bd7 16. a3 Be8 17. Re1 Bg6 18. b4 Rae8 19. b5 Na5 20. Ne5 Bxb1 21.
Qxb1 Nc4 22. Nxc4 Qxc4 23. Qd1 Nd3 24. Re2 Qxd4 25. Bg5 e5 26. Be3 Qc3 27. Bxa7 d4 28. Ne4 Qc4 29. Nxd6 Qd5 30. Ne4 Rf4 31. Qxd3 1-0

[Event "*** Titled Tuesday Blitz"]
[Site "Chess.com"]
[Date "2020.12.29"]
[Round "7"]
[White "ShimanovAlex"]
[Black "Rud_Makarian"]
[Result "0-1"]
[WhiteElo "2837"]
[BlackElo "2710"]
[TimeControl "180+1"]
[EndTime "11:16:19 PST"]
[Termination "Rud_Makarian won by resignation"]

1. e3 Nf6 2. c4 g6 3. Nf3 Bg7 4. d4 c5 5. d5 d6 6. Nc3 O-O 7. Be2 e5 8. e4 h6 9. h3 Nh5 10.
g3 f5 11. Nh4 Nf4 12. Bxf4 exf4 13. Nxg6 fxg3 14. Nxf8 gxf2+ 15. Kf1 Qxf8 16. exf5 Bxf5 17. Bg4 Bh7 18. Be6+ Kh8 19. Rh2 Bd4 20. Ne2 Bxb2 21. Rxf2 Qg7 22. Rb1 Na6 23. Nf4 Bd4 24. Rb3 Bxf2 25.
Kxf2 Rf8 26. Rf3 Nb4 27. Nh5 Nd3+ 28. Kf1 Rxf3+ 29. Qxf3 Qa1+ 30. Kg2 Ne1+ 0-1

[Event "*** Titled Tuesday Blitz"]
[Site "Chess.com"]
[Date "2020.12.29"]
[Round "7"]
[White "12teen"]
[Black "jcibarra"]
[Result "0-1"]
[WhiteElo "2771"]
[BlackElo "2902"]
[TimeControl "180+1"]
[EndTime "11:16:20 PST"]
[Termination "jcibarra won by resignation"]

1. b3 Nf6 2. Bb2 g6 3. e3 Bg7 4. Nf3 O-O 5. d4 c5 6. dxc5 Qc7 7. b4 a5 8. a3 Nc6 9. b5 Nd8 10. Nbd2 Ne6 11. a4 Nxc5 12. Be2 b6 13. Nb3 Nce4 14. c4 Nxf2 15. Kxf2 Ng4+ 16. Kg1 Bxb2 17. Ra2 Bg7 18.
Nfd4 Nxe3 19. Qd3 Bh6 20. Bf3 Ra7 21. Re2 Nxc4 22. Rc2 d5 23. Bxd5 Be3+ 24. Kf1 Qf4+ 25. Nf3 Ne5 26. Qe4 Bf5 27. Qxf4 Bxf4 28. Rc3 Rd8 29. Nxe5 Bxe5 0-1

[Event "*** Titled Tuesday Blitz"]
[Site "Chess.com"]
[Date "2020.12.29"]
[Round "7"]
[White "yuki_chess123"]
[Black "Love_craft"]
[Result "0-1"]
[WhiteElo "2206"]
[BlackElo "2482"]
[TimeControl "180+1"]
[EndTime "11:16:21 PST"]
[Termination "Love_craft won by checkmate"]

1. e4 g6 2. d4 Bg7 3. c4 d6 4. Nc3 Nf6 5. f3 c6 6. Bg5 h6 7. Be3 a6 8. a4 a5 9. Qd2 Na6 10. g4 Nb4 11. h4 h5 12. g5 Nd7 13. f4 e5 14. Nf3 c5 15. dxe5 dxe5 16.
f5 Qb6 17. Nb5 O-O 18. f6 Bxf6 19. gxf6 Nxf6 20. O-O-O Nxe4 21. Qg2 Bf5 22. Bd3 Rad8 23. Bb1 Rxd1+ 24. Rxd1 Rd8 25. Rxd8+ Qxd8 26. Nxe5 Qxh4 27.
Nxf7 Qe1# 0-1

[Event "*** Titled Tuesday Blitz"]
[Site "Chess.com"]
[Date "2020.12.29"]
[Round "7"]
[White "ARMQUEEN"]
[Black "Keks2017"]
[Result "0-1"]
[WhiteElo "2409"]
[BlackElo "2554"]
[TimeControl "180+1"]
[EndTime "11:16:22 PST"]
[Termination "Keks2017 won on time"]

1. e4 d6 2. d4 Nf6 3. Nc3 g6 4.
f4 Bg7 5. Nf3 c5 6. d5 O-O 7. Bd3 Na6 8. a3 Nc7 9. O-O Bg4 10. Qe1 Bxf3 11. Rxf3 e6 12. dxe6 Nxe6 13. e5 dxe5 14. fxe5 Nd7 15. Re3 Qb8 16. Ne4 Nxe5 17. Rh3 Nxd3 18. cxd3 Qe5 19. Qh4 h5 20. Rf3 f5 21.
Nc3 Nd4 22. Rf1 Rae8 23. Bg5 Ne2+ 24. Nxe2 Qxe2 25. Qc4+ Kh7 26. Qxc5 Qxb2 27. Qd5 Qd4+ 28. Qxd4 Bxd4+ 29. Kh1 Bxa1 30. Rxa1 Re2 31. h3 f4 32. Rc1 Rf7 33. Rc8 f3 34. gxf3 Ra2 35. Be3 Rxa3 36. Bd4 g5 0-1

[Event "*** Titled Tuesday Blitz"]
[Site "Chess.com"]
[Date "2020.12.29"]
[Round "7"]
[White "maxip32"]
[Black "BulletMercenary"]
[Result "1-0"]
[WhiteElo "2501"]
[BlackElo "2344"]
[TimeControl "180+1"]
[EndTime "11:16:22 PST"]
[Termination "maxip32 won on time"]

1. e4 e6 2. d3 d5 3. Nd2 Nf6 4. Ngf3 c5 5. g3 Nc6 6. Bg2 Bd6 7. O-O O-O 8. Nh4 dxe4 9. dxe4 e5 10. c3 b5 11. a4 bxa4 12. Qxa4 Qc7 13. Nc4 Rd8 14. h3 Bd7 15. Qc2 Be6 16. Qe2 Qb7 17. Re1 Be7 18. Nf5 Bf8 19. Nfe3 a5 20. f4 exf4 21.
gxf4 Ra6 22. e5 Nd5 23. Qf3 Qb3 24. Nd2 Qb6 25. Nec4 Qc7 26. f5 Bc8 27. Nf1 Nce7 28. Ng3 g6 29. e6 fxe6 30. fxg6 Nxg6 31. Ne4 e5 32. Bg5 Re8 33. Rad1 Ndf4 34. Nf6+ Rxf6 35. Bxf6 Be6 36. Nxe5 1-0

[Event "*** Titled Tuesday Blitz"]
[Site "Chess.com"]
[Date "2020.12.29"]
[Round "7"]
[White "Zhigalko_Sergei"]
[Black "TheBigBoss04"]
[Result "0-1"]
[WhiteElo "2849"]
[BlackElo "2758"]
[TimeControl "180+1"]
[EndTime "11:16:23 PST"]
[Termination "TheBigBoss04 won on time"]

1. e4 c6 2. d4 g6 3. Nc3 d5 4.
Nf3 dxe4 5. Nxe4 Nf6 6. Bd3 Nxe4 7. Bxe4 Bf5 8. Bxf5 Qa5+ 9. c3 Qxf5 10. O-O Nd7 11.
Re1 e6 12. Ne5 Bd6 13. Nxd7 Kxd7 14. Be3 Rhd8 15. c4 Ke8 16. Qb3 b6 17. Qc3 Kf8 18. d5 cxd5 19. cxd5 Rac8 20. Qh8+ Ke7 21. Qxh7 Rh8 22.
Bg5+ Kd7 23. dxe6+ Kc6 24. Rac1+ Kb5 25. a4+ Ka6 26.
Rxc8 Rxh7 27. e7 Bxe7 28. Bxe7 Qxc8 0-1

[Event "*** Titled Tuesday Blitz"]
[Site "Chess.com"]
[Date "2020.12.29"]
[Round "7"]
[White "Hikaru"]
[Black "WPWPWP-2015"]
[Result "1-0"]
[WhiteElo "3227"]
[BlackElo "2476"]
[TimeControl "180+1"]
[EndTime "11:16:25 PST"]
[Termination "Hikaru won on time"]

1. e4 e5 2. Nf3 Nc6 3. Bb5 Nf6 4. d3 d6 5. Nbd2 Be7 6. c3 O-O 7. Nf1 a6 8. Ba4 b5 9. Bc2 d5 10. Qe2 dxe4 11. dxe4 Be6 12. Ne3 h6 13. O-O Qc8 14. Rd1 Rd8 15. Bd2 Bf8 16. h3 Bd6 17. Nh4 Ne7 18.
Qf3 Nh7 19. Nef5 Nxf5 20. Nxf5 Bxf5 21. exf5 Nf6 22. Bb3 Bf8 23. Be3 c5 24. Rxd8 Qxd8 25. Rd1 Qc8 26. c4 Ra7 27. g4 e4 28. Qe2 Qe8 29.
h4 Rd7 30. g5 hxg5 31. hxg5 Rxd1+ 32. Qxd1 Nd7 33. cxb5 axb5 34. Bd5 Nb6 35. g6 Nxd5 36.
Qxd5 c4 37. Bg5 Bb4 38. a3 Bf8 39. Bd2 Be7 40. Qxe4 Qd7 41. Bc3 fxg6 42. fxg6 Kf8 43. Qa8+ Qd8 44. Qxd8+ Bxd8 45. f4 Bc7 46. f5 Kg8 47.
Kg2 Bf4 48. Kf3 Bh6 49. Ke4 Kf8 50. Kd5 Be3 51. Kc6 b4 52. axb4 1-0

[Event "*** Titled Tuesday Blitz"]
[Site "Chess.com"]
[Date "2020.12.29"]
[Round "7"]
[White "Geller_Jakov"]
[Black "Kolle05"]
[Result "1-0"]
[WhiteElo "2614"]
[BlackElo "2391"]
[TimeControl "180+1"]
[EndTime "11:16:25 PST"]
[Termination "Geller_Jakov won by resignation"]

1. e4 c5 2. Nf3 d6 3. d4 cxd4 4. Nxd4 Nf6 5. Nc3 a6 6. Be3 e5 7.
Nb3 Be6 8. f3 Nc6 9. Qd2 d5 10.
exd5 Nxd5 11. Nxd5 Qxd5 12. Qxd5 Bxd5 13. O-O-O O-O-O 14. Bb6 Rd7 15. Nc5 Bxc5 16. Bxc5 Be6 17. Rxd7 Kxd7 18. Bd3 Kc7 19. Re1 f5 20. b3 g6 21. h4 Re8 22. a4 Bd5 23. c4 Bf7 24.
Kd2 b6 25. Bf2 Nd4 26. Kc3 a5 27. f4 e4 28. Bxd4 exd3 29. Be5+ Kc6 30. Kxd3 Rd8+ 31. Kc3 Kc5 32. Rg1 Be6 33. Rh1 Bc8 34. h5 Bb7 35.
hxg6 hxg6 36. Rh7 Bxg2 37. Rc7+ Bc6 38. Bf6 Rd7 39. Be7+ Rxe7 40. Rxe7 Be4 41. Re6 Bb1 42. Rxg6 Be4 43. Re6 Bb1 44. Re5+ Kc6 45. b4 axb4+ 46. Kxb4 Bc2 47. a5 1-0

[Event "*** Titled Tuesday Blitz"]
[Site "Chess.com"]
[Date "2020.12.29"]
[Round "7"]
[White "dopolian"]
[Black "Harry_Rakkel"]
[Result "0-1"]
[WhiteElo "2456"]
[BlackElo "2633"]
[TimeControl "180+1"]
[EndTime "11:16:25 PST"]
[Termination "Harry_Rakkel won by resignation"]

1. Nf3 b6 2. e4 Bb7 3. Nc3 e6 4. d4 Bb4 5. Bd3 Ne7 6. O-O Bxc3 7. bxc3 d6 8. a4 a5 9. e5 Nd7 10. Bf4 d5 11. Ng5 Nf8 12. Qh5 Neg6 13. Bb5+ c6 14.
Bd3 h6 15. Nxe6 Nxe6 16. Bxg6 Nxf4 17. Bxf7+ Kf8 18. Qf5 Qg5 19. Be6+ Qxf5 20. Bxf5 Ne2+ 21. Kh1 Nxc3 22. Ra3 Ne4 23. Bxe4 dxe4 24. Rb3 Ba6 25.
Re1 b5 26. axb5 cxb5 27. Rxe4 Ke7 28. d5 Rac8 29. d6+ Ke6 30. Re2 b4 31. Rd2 Rhd8 32.
f4 Rc4 33. g3 a4 34. Re3 g6 35.
Kg1 a3 36. Rd1 Bb7 37. Ra1 Be4 38. Rb3 Bxc2 0-1

[Event "*** Titled Tuesday Blitz"]
[Site "Chess.com"]
[Date "2020.12.29"]
[Round "7"]
[White "goldenpuppy"]
[Black "pastouche06"]
[Result "1-0"]
[WhiteElo "2383"]
[BlackElo "2514"]
[TimeControl "180+1"]
[EndTime "11:16:26 PST"]
[Termination "goldenpuppy won on time"]

1. e4 c6 2. d4 d5 3. Nc3 dxe4 4. Nxe4 Nf6 5. Nxf6+ exf6 6. c3 Bd6 7. Bd3 O-O 8.
Qc2 Re8+ 9. Ne2 h5 10. Be3 Nd7 11. O-O-O Nf8 12. Kb1 Be6 13. h3 b5 14. Rhg1 Qd7 15.
Rdf1 Ng6 16. g4 h4 17. Bxg6 fxg6 18. Qxg6 b4 19. Qd3 bxc3 20. Nxc3 Rab8 21. f4 Ba3 22. Bc1 Bb4 23. f5 Bf7 24. g5 Bxc3 25. gxf6 Bxd4 26. Rxg7+ Kf8 27. Qa3+ c5 28. Bh6 Bxf6 29.
Qxc5+ Re7 30. Rgg1+ Ke8 31. Bc1 Qa4 32. a3 Qb3 33.
Qc6+ Kf8 34. Bh6+ Bg7 35. Bxg7+ Kg8 36. Bc3+ 1-0

[Event "*** Titled Tuesday Blitz"]
[Site "Chess.com"]
[Date "2020.12.29"]
[Round "7"]
[White "Morshynska"]
[Black "Everyfishknows"]
[Result "1-0"]
[WhiteElo "2234"]
[BlackElo "2393"]
[TimeControl "180+1"]
[EndTime "11:16:27 PST"]
[Termination "Morshynska won by resignation"]

1. Nf3 Nf6 2. g3 e6 3. Bg2 d5 4. d4 Be7 5. O-O O-O 6. c4 c6 7.
Nbd2 b6 8. b3 Bb7 9. Bb2 Nbd7 10. Rc1 Rc8 11. Re1 c5 12. cxd5 exd5 13. e3 Re8 14. Rc2 Ne4 15. Qa1 Bf6 16. Rec1 Nxd2 17. Nxd2 Rc7 18. dxc5 bxc5 19. Bxf6 Qxf6 20. Qxf6 gxf6 21.
Nb1 Rec8 22. Nc3 Nb6 23. Nb5 Re7 24. Rxc5 Rxc5 25. Rxc5 a6 26. Nd6 Kf8 27. Nxb7 Rxb7 28. Bxd5 Nxd5 29. Rxd5 Rc7 30. Rd6 a5 31. Rxf6 a4 32.
bxa4 Rc2 33. a5 Rxa2 34. a6 Kg7 35. Rb6 f6 36. h4 Kg6 37. Kg2 h5 38. Kf3 Kf7 39.
e4 Kg6 40. Ke3 Kf7 41. f3 Kg6 42. Kf4 Ra5 43. g4 hxg4 44. fxg4 Kf7 45. Rb7+ Ke6 46.
a7 Ra1 47. h5 Rf1+ 48. Ke3 Rg1 49. a8=Q 1-0

[Event "*** Titled Tuesday Blitz"]
[Site "Chess.com"]
[Date "2020.12.29"]
[Round "7"]
[White "ChessArchitect64"]
[Black "Alexandercs432"]
[Result "0-1"]
[WhiteElo "2072"]
[BlackElo "2194"]
[TimeControl "180+1"]
[EndTime "11:16:27 PST"]
[Termination "Alexandercs432 won by resignation"]

1. e4 c5 2. Nf3 e6 3. c3 d5 4.
e5 d4 5. Bd3 Nc6 6. O-O Nge7 7.
Re1 Ng6 8. Bf1 Qc7 9. Qe2 Be7 10. d3 O-O 11. c4 b6 12. Na3 a6 13. Nc2 Bb7 14. Bd2 Rae8 15. g3 f6 16. exf6 Bxf6 17. Bg2 e5 18. Ng5 Nd8 19. Ne4 Kh8 20. h4 Ne7 21. Nxf6 gxf6 22. f4 Bxg2 23. Kxg2 Nec6 24.
f5 Qd7 25. Qe4 Ne7 26. g4 Qc6 27. Kh3 Qxe4 28. Rxe4 h5 29. g5 Nxf5 30. g6 Kg7 31. Rg1 Nd6 32. Re2 f5 33. Bg5 e4 34. Ne1 Ne6 35. Bf4 Nxf4+ 36. Kg3 Nxe2+ 37. Kf2 Nxg1 38. Kxg1 Kxg6 0-1

[Event "*** Titled Tuesday Blitz"]
[Site "Chess.com"]
[Date "2020.12.29"]
[Round "7"]
[White "Flopezin"]
[Black "rachidhuilda"]
[Result "1-0"]
[WhiteElo "2362"]
[BlackElo "2227"]
[TimeControl "180+1"]
[EndTime "11:16:28 PST"]
[Termination "Flopezin won on time"]

1. c4 c6 2. e4 d5 3. exd5 cxd5 4. d4 Nf6 5. Nc3 Nc6 6. Nf3 Bg4 7. cxd5 Nxd5 8. Qb3 Bxf3 9. gxf3 e6 10. Qxb7 Nxd4 11. Bb5+ Nxb5 12. Qc6+ Ke7 13. Qxb5 Qd7 14. Qxd7+ Kxd7 15. Nxd5 exd5 16. Be3 Bb4+ 17. Ke2 Rhc8 18. Rac1 Ke6 19. Kd3 a6 20. Rhg1 g6 21. Bd4 Bd6 22. Rge1+ Kd7 23. Bc3 Re8 24. h3 Re6 25. Kd4 Bf4 26.
Rcd1 Kc6 27. b3 Rae8 28. Kd3 Rxe1 29. Bxe1 Kd6 30. Bb4+ Kc6 31. Rg1 Re5 32. Rg4 Rf5 33. Bc3 Kd6 34. Bd4 f6 35. Ba7 Be5 36. Ke2 Rf4 37. Rg1 Rh4 38. Be3 Rxh3 39. Rc1 d4 40. Bd2 Kd5 41. Rc8 d3+ 42. Kxd3 Rxf3+ 43. Ke2 Rf5 44. Rd8+ Ke4 45. Be3 1-0

[Event "*** Titled Tuesday Blitz"]
[Site "Chess.com"]
[Date "2020.12.29"]
[Round "7"]
[White "rpragchess"]
[Black "Borsuk_Konstantin"]
[Result "1-0"]
[WhiteElo "2851"]
[BlackElo "2659"]
[TimeControl "180+1"]
[EndTime "11:16:29 PST"]
[Termination "rpragchess won by resignation"]

1. Nf3 b6 2. e4 Bb7 3. Nc3 e6 4. d4 d6 5. Bd3 g6 6. Ne2 Bg7 7. Ng3 c5 8. c3 Ne7 9. O-O Nbc6 10. Be3 Qc7 11. a3 O-O 12. Rc1 Qd7 13. h4 f5 14.
exf5 exf5 15. Bf4 cxd4 16. cxd4 Nd5 17. Bc4 Ne7 18. h5 Kh8 19. Qd2 Nxf4 20. Qxf4 Nd5 21. Bxd5 Bxd5 22. Rc3 Bf6 23. Rfc1 Bd8 24. hxg6 hxg6 25.
Qh6+ Kg8 26. Qxg6+ Qg7 27. Qxd6 1-0

[Event "*** Titled Tuesday Blitz"]
[Site "Chess.com"]
[Date "2020.12.29"]
[Round "7"]
[White "jocmil"]
[Black "JonahWillow"]
[Result "0-1"]
[WhiteElo "2549"]
[BlackElo "2712"]
[TimeControl "180+1"]
[EndTime "11:16:29 PST"]
[Termination "JonahWillow won on time"]

1. Nf3 c5 2. c4 Nc6 3. Nc3 g6 4. g3 Bg7 5. Bg2 e6 6. O-O Nge7 7. e3 O-O 8. d4 d6 9. d5 Na5 10. Nd2 exd5 11. cxd5 a6 12. a4 Bd7 13. Nce4 Qc7 14. Qc2 f5 15. Ng5 b5 16. axb5 axb5 17. h4 Nb7 18. Rxa8 Rxa8 19. b4 c4 20. h5 Ra4 21.
hxg6 hxg6 22. Ndf3 Nxd5 23. Nd4 Nxb4 24. Qd1 Bf6 25.
Nge6 Qc8 26. Nf4 Kg7 27. e4 Nd3 28. Nxd3 cxd3 29. Nxb5 Bxb5 30. exf5 Nc5 31. Be3 Qxf5 32. Qc1 Ra1 33. Qxa1 Bxa1 34. Rxa1 Qf7 35. Rb1 Ba6 36.
Bd4+ Kh7 37. Rb8 g5 38. Rh8+ Kg6 39. Ra8 Bb7 0-1

[Event "*** Titled Tuesday Blitz"]
[Site "Chess.com"]
[Date "2020.12.29"]
[Round "7"]
[White "Sharpchess22"]
[Black "Salem-AR"]
[Result "1-0"]
[WhiteElo "2820"]
[BlackElo "2920"]
[TimeControl "180+1"]
[EndTime "11:16:30 PST"]
[Termination "Sharpchess22 won on time"]

1. e4 c5 2. Nf3 d6 3. d4 cxd4 4. Nxd4 Nf6 5. Nc3 a6 6. a3 e6 7. f4 Nc6 8. Be3 Be7 9. Qf3 e5 10. Nf5 Bxf5 11. exf5 Nd4 12. Qf2 Ng4 13. Bxd4 Nxf2 14.
Bxf2 exf4 15. O-O-O O-O 16. Nd5 Bg5 17. h4 Bh6 18. f6 gxf6 19. Kb1 Re8 20. Bc4 Re5 21. Bb6 Qc8 22. Bb3 Kg7 23. Bd4 Qf5 24. Rhf1 Qg4 25. g3 fxg3 26. Nxf6 Qxh4 27. Nd7 f6 28. Rxf6 Kh8 29. Rxh6 Qxh6 30. Nxe5 1-0

[Event "*** Titled Tuesday Blitz"]
[Site "Chess.com"]
[Date "2020.12.29"]
[Round "7"]
[White "TokChess"]
[Black "bogcsab"]
[Result "0-1"]
[WhiteElo "2455"]
[BlackElo "2129"]
[TimeControl "180+1"]
[EndTime "11:16:30 PST"]
[Termination "bogcsab won by checkmate"]

1. b3 d6 2. Bb2 e5 3. e3 f5 4. d4 e4 5. c4 Nf6 6. d5 g6 7. Ne2 Bg7 8. Qc2 O-O 9. Nf4 Qe7 10. Be2 Rf7 11. Nd2 Nbd7 12. h4 Ne5 13. Nf1 c5 14. dxc6 bxc6 15. O-O-O Bb7 16. Ng3 d5 17. h5 g5 18. Nxf5 Qd7 19. Nxg7 gxf4 20. Bxe5 Kxg7 21. h6+ Kg8 22. exf4 Ng4 23. Bb2 Nxf2 24. Qc3 Kf8 25. Bh5 Nxd1 26. Rxd1 Qf5 27. Bxf7 Qxf7 28. Kb1 Rd8 29.
Qh8+ Ke7 30. Ba3+ Kd7 31. Qe5 Kc8 32. cxd5 Rxd5 33. Qh8+ Kd7 34. Re1 c5 35. Qb8 Kc6 36. Qxa7 Qd7 37. Qa4+ Kc7 38. Qa5+ Kc8 39. Kc1 e3 40.
Rxe3 Rd1+ 41. Kc2 Be4+ 42. Kb2 Rb1+ 43. Kc3 Qd4# 0-1

[Event "*** Titled Tuesday Blitz"]
[Site "Chess.com"]
[Date "2020.12.29"]
[Round "7"]
[White "Walter_White_Poland"]
[Black "GameOverBro"]
[Result "0-1"]
[WhiteElo "2319"]
[BlackElo "2469"]
[TimeControl "180+1"]
[EndTime "11:16:30 PST"]
[Termination "GameOverBro won on time"]

1. e4 Nf6 2. e5 Nd5 3. d4 Nb6 4. Nf3 d5 5. h3 Bf5 6. Nc3 e6 7. Bg5 Be7 8. Bxe7 Qxe7 9. Qd2 a6 10. b3 c5 11. a4 Nc6 12. a5 Nd7 13. dxc5 Qxc5 14.
Bd3 Bg6 15. Bxg6 hxg6 16. O-O Rh5 17. Rfe1 Rc8 18. Na4 Qxa5 19. Qf4 Qb4 20. c4 b5 21.
g4 Rh8 22. Ng5 Rf8 23. Nh7 Rh8 24. Ng5 Nd8 25. Nb2 bxc4 26. Nd3 Qxb3 27. Rxa6 cxd3 28.
Ra7 Qc4 0-1

[Event "*** Titled Tuesday Blitz"]
[Site "Chess.com"]
[Date "2020.12.29"]
[Round "7"]
[White "Kopytkin"]
[Black "annacramling"]
[Result "1-0"]
[WhiteElo "2379"]
[BlackElo "2084"]
[TimeControl "180+1"]
[EndTime "11:16:30 PST"]
[Termination "Kopytkin won on time"]

1. e4 c5 2. d4 cxd4 3. c3 Nf6 4.
e5 Nd5 5. g3 e6 6. cxd4 Nc6 7. Bg2 d6 8. Nf3 Qc7 9. O-O dxe5 10.
dxe5 Bc5 11. Na3 O-O 12. Nb5 Qb6 13. a4 Rd8 14. Ng5 h6 15. Ne4 Ne3 16. Qh5 Nxf1 17. Bxh6 Bf8 18. Rxf1 Ne7 19. Nbd6 Ng6 20. Bg5 Rxd6 21.
exd6 Bxd6 22. Rd1 Qc7 23. Rxd6 Bd7 24. Rd1 Bc6 25. Be3 Rd8 26. Ng5 Rxd1+ 27. Qxd1 Bxg2 28. Qh5 1-0

[Event "*** Titled Tuesday Blitz"]
[Site "Chess.com"]
[Date "2020.12.29"]
[Round "7"]
[White "zajka-molotok"]
[Black "Tssunami"]
[Result "1-0"]
[WhiteElo "2486"]
[BlackElo "2306"]
[TimeControl "180+1"]
[EndTime "11:16:30 PST"]
[Termination "zajka-molotok won by resignation"]

1. e4 e5 2. Nf3 Nc6 3. Bb5 a6 4. Ba4 Nf6 5. Qe2 b5 6. Bb3 Bc5 7. d3 O-O 8. Bg5 h6 9. Bh4 Nd4 10.
Nxd4 Bxd4 11. c3 Bb6 12. Nd2 d6 13. O-O Be6 14. Kh1 c5 15. Bg3 Nd7 16. f4 exf4 17.
Bxf4 Ne5 18. Bxe6 fxe6 19. Bxe5 dxe5 20. Rxf8+ Qxf8 21. Rf1 Qd6 22. Rf3 Rd8 23. Nf1 a5 24.
h3 a4 25. a3 b4 26. axb4 cxb4 27. cxb4 Qxb4 28. Ng3 Bd4 29. Rf1 Qxb2 30. Qg4 Qb3 31. Nh5 Rd7 32. Qg6 Bf2 33. Nf6+ 1-0

[Event "*** Titled Tuesday Blitz"]
[Site "Chess.com"]
[Date "2020.12.29"]
[Round "7"]
[White "DishonorOnYourCow"]
[Black "JoAttack"]
[Result "1-0"]
[WhiteElo "2441"]
[BlackElo "2191"]
[TimeControl "180+1"]
[EndTime "11:16:30 PST"]
[Termination "DishonorOnYourCow won by resignation"]

1. d4 Nf6 2. c4 g6 3. Nc3 Bg7 4.
e4 d6 5. f4 O-O 6. Nf3 c5 7.
d5 Nbd7 8. Bd3 Qc7 9. O-O a6 10. a4 Rb8 11. Kh1 Re8 12. Qe2 e5 13. dxe6 Rxe6 14. Be3 Nf8 15. Qd2 Bd7 16. f5 Ree8 17. Bh6 Bc6 18. Nd5 Bxd5 19. exd5 N8d7 20. Rae1 Ne5 21.
Nxe5 dxe5 22. fxg6 hxg6 23. Bxg7 Kxg7 24. Qg5 Qd6 25.
Rf2 Re7 26. Ref1 Nh5 27. g3 Rf8 28. Be2 Rh8 29. Bxh5 Rxh5 30. Qg4 e4 31. Rf6 Qe5 32. d6 Rg5 33. Qf4 Rd7 34. Rxf7+ Rxf7 35. Qxf7+ Kh6 36. Qf8+ Kh5 37. d7 e3 38. d8=Q e2 39. Qh8+ 1-0

[Event "*** Titled Tuesday Blitz"]
[Site "Chess.com"]
[Date "2020.12.29"]
[Round "7"]
[White "SamuelGhimpu2003"]
[Black "Supernotar"]
[Result "0-1"]
[WhiteElo "2607"]
[BlackElo "2854"]
[TimeControl "180+1"]
[EndTime "11:16:31 PST"]
[Termination "Supernotar won on time"]

1. d4 d5 2. Nc3 Nf6 3. Bf4 a6 4. e3 e6 5. Nf3 c5 6. dxc5 Bxc5 7. Bd3 Nc6 8. O-O O-O 9. e4 Nb4 10. e5 Nxd3 11. Qxd3 Nd7 12. Ng5 g6 13. Qh3 h5 14.
g4 Be7 15. Nf3 hxg4 16. Qxg4 Kg7 17. Kh1 Rh8 18. Rg1 b5 19. Nd4 Qb6 20. Rad1 Bb7 21.
Be3 Rh4 22. Qg3 Kg8 23. f3 Rh7 24. Nf5 Qd8 25. Nh6+ Kh8 26. Nxf7+ Rxf7 27. Qxg6 Rh7 28. Rd4 Qf8 29. Rg3 Nxe5 0-1

[Event "*** Titled Tuesday Blitz"]
[Site "Chess.com"]
[Date "2020.12.29"]
[Round "7"]
[White "theturtlemoves"]
[Black "ehrenfeld"]
[Result "1-0"]
[WhiteElo "2371"]
[BlackElo "2535"]
[TimeControl "180+1"]
[EndTime "11:16:31 PST"]
[Termination "theturtlemoves won by resignation"]

1. e4 e5 2. Nf3 Nc6 3. Bb5 a6 4. Ba4 Nf6 5. O-O Be7 6. Re1 b5 7. Bb3 d6 8. c3 O-O 9. h3 Na5 10.
Bc2 c5 11. d4 Qc7 12. d5 Bd7 13. b3 g6 14. Nbd2 c4 15. b4 Nb7 16. a3 a5 17. Rb1 axb4 18. axb4 Nh5 19. Nf1 Nd8 20. g4 Ng7 21. Ng3 f6 22. Kh1 Nf7 23. Rg1 Kh8 24.
Be3 Qb7 25. Qd2 Ra2 26. Ra1 Rfa8 27. Rxa2 Rxa2 28. Ne1 Bd8 29. f4 exf4 30. Bxf4 Ne5 31. Rf1 Be7 32. g5 Qc7 33. gxf6 Bxf6 34. Bxe5 dxe5 35.
Rxf6 Ne8 36. Rf7 Nd6 37. Qh6 1-0

[Event "*** Titled Tuesday Blitz"]
[Site "Chess.com"]
[Date "2020.12.29"]
[Round "7"]
[White "OrtizAnahi2001"]
[Black "PenguinPacks"]
[Result "1-0"]
[WhiteElo "2324"]
[BlackElo "2447"]
[TimeControl "180+1"]
[EndTime "11:16:31 PST"]
[Termination "OrtizAnahi2001 won on time"]

1. d4 Nf6 2. c4 e6 3. Nc3 Bb4 4. e3 O-O 5. Bd3 d5 6. cxd5 exd5 7. Ne2 Re8 8. O-O a6 9. a3 Bd6 10. Ng3 b6 11. b4 Bb7 12. Bb2 Nbd7 13. Rc1 g6 14. Nce2 h5 15. h3 h4 16. Nh1 Qe7 17.
Qc2 Nf8 18. Nf4 N8h7 19. Rfe1 Ng5 20. Bc3 Qd7 21. f3 Rxe3 22. Bd2 Rxe1+ 23. Rxe1 Ngh7 24. Nf2 Re8 25. Rxe8+ Qxe8 26. Ng4 Nxg4 27. hxg4 Qe7 28. Bxg6 fxg6 29. Qxg6+ Kf8 30. Ne6+ Qxe6 31. Qxe6 Bc6 32. Qf5+ Kg7 33. Qe6 Nf8 34. Bh6+ Kh7 35. Bxf8 Bxf8 36. Qf7+ Bg7 37. Qxc7 Be8 38. Qf4 Bg6 39. g5 Kg8 40.
Qxh4 1-0